[Event "*** Titled Tuesday Blitz"]
[Site "Chess.com"]
[Date "2020.12.29"]
[Round "1"]
[White "Lucas_Tomiello"]
[Black "AlexeiShirov"]
[Result "0-1"]
[WhiteElo "2431"]
[BlackElo "2828"]
[TimeControl "180+1"]
[EndTime "10:06:39 PST"]
[Termination "AlexeiShirov won by resignation"]

1. e4 e5 2. Nf3 Nc6 3. Bb5 a6 4. Ba4 Nf6 5. O-O b5 6. Bb3 Bc5 7. c3 d6 8. d4 Bb6 9. a4 Bg4 10. h3 Bxf3 11. Qxf3 exd4 12. Bg5 Ne5 13. Qf5 h6 14.
Bxf6 Qxf6 15. Qxf6 gxf6 16. axb5 a5 17. Bd5 Ra7 18. Ra4 dxc3 19. Nxc3 Nd3 20. Bc6+ Kf8 21. Nd5 Nxb2 22. Ra2 Nd3 23. Nxb6 cxb6 24. Rd2 Nc5 25. Rxd6 Ke7 26. Rfd1 a4 27. R6d2 a3 28. Ra2 Rd8 29. Rxd8 Kxd8 30. Kf1 Nd3 31. Bd5 Nb4 32. Ra1 Nxd5 33.
exd5 Ke7 34. Ke2 Kd6 35. Kd3 Kxd5 0-1

[Event "*** Titled Tuesday Blitz"]
[Site "Chess.com"]
[Date "2020.12.29"]
[Round "1"]
[White "Korchmar_Vasiliy"]
[Black "novocane"]
[Result "0-1"]
[WhiteElo "2568"]
[BlackElo "2298"]
[TimeControl "180+1"]
[EndTime "10:06:41 PST"]
[Termination "novocane won on time"]

1. e4 c5 2. Nf3 Nc6 3. d4 cxd4 4. Nxd4 e5 5. Nb5 d6 6. N1c3 a6 7. Na3 Be7 8. Nd5 Nf6 9. Nxe7 Qxe7 10. Nc4 O-O 11.
Qxd6 Qxd6 12. Nxd6 Nb4 13. Bd3 Rd8 14. Nxc8 Raxc8 15. Ke2 Nxc2 16. Bxc2 Rxc2+ 17. Kf3 Rd3+ 18. Be3 Rxb2 19. Rhb1 Rxb1 20. Rxb1 Rd7 21. Rc1 h6 22. Rc8+ Kh7 23. a4 Kg6 24. a5 h5 25. h3 Rd1 26.
Rb8 Rb1 27. Bb6 Rb4 28. Rxb7 Nxe4 29. Ra7 f5 0-1

[Event "*** Titled Tuesday Blitz"]
[Site "Chess.com"]
[Date "2020.12.29"]
[Round "1"]
[White "MIJuanReyesRosa"]
[Black "Snowflake"]
[Result "1-0"]
[WhiteElo "2062"]
[BlackElo "2469"]
[TimeControl "180+1"]
[EndTime "10:06:41 PST"]
[Termination "MIJuanReyesRosa won by checkmate"]

1. d4 d5 2. c4 e6 3. Nc3 a6 4. e3 Nf6 5. Nf3 c5 6. a3 Nc6 7. Bd3 Bd6 8. dxc5 Bxc5 9. b4 Bd6 10. Bb2 dxc4 11. Bxc4 b5 12. Bd3 Bb7 13. Ne4 Be7 14. O-O O-O 15. Qe2 Nd5 16. Rfd1 Qb6 17. Rac1 Rfd8 18. Bb1 Rac8 19. h3 Bf8 20. Ng3 a5 21.
bxa5 Nxa5 22. Ng5 h6 23. Qh5 Rd7 24. Rxc8 Bxc8 25. Bh7+ Kh8 26. Qxh6 Nf6 27. Bxf6 Rxd1+ 28. Kh2 gxf6 29. Qxf8# 1-0

[Event "*** Titled Tuesday Blitz"]
[Site "Chess.com"]
[Date "2020.12.29"]
[Round "1"]
[White "ODreamchess"]
[Black "ExtremeLearner"]
[Result "1-0"]
[WhiteElo "2672"]
[BlackElo "2349"]
[TimeControl "180+1"]
[EndTime "10:06:42 PST"]
[Termination "ODreamchess won by checkmate"]

1. c4 Nf6 2. Nf3 g6 3. g3 Bg7 4. Bg2 d6 5. O-O O-O 6. Nc3 c6 7. d3 e5 8. Bg5 Nbd7 9. Bxf6 Nxf6 10. Rb1 a5 11. a3 Bg4 12. b4 axb4 13. axb4 Qd7 14. b5 Bh3 15. bxc6 bxc6 16. c5 Bxg2 17. Kxg2 dxc5 18. Qb3 Nd5 19. Ne4 Ra5 20. Rfc1 Qe7 21. Qb7 Qxb7 22. Rxb7 Ra2 23. Kf1 f5 24. Nxc5 e4 25. Ng5 exd3 26. exd3 Bd4 27. Nh3 Re8 28. Nb3 Bb2 29. Rc2 Rea8 30. Rxc6 Bc3 31. Nf4 Nxf4 32. gxf4 Bg7 33. Rcc7 Bf6 34. d4 Rb2 35. d5 Raa2 36. Rb8+ Bd8 37. Rxd8# 1-0

[Event "*** Titled Tuesday Blitz"]
[Site "Chess.com"]
[Date "2020.12.29"]
[Round "1"]
[White "Tssunami"]
[Black "arctic_t00"]
[Result "0-1"]
[WhiteElo "2314"]
[BlackElo "2609"]
[TimeControl "180+1"]
[EndTime "10:06:43 PST"]
[Termination "arctic_t00 won by resignation"]

1. d4 Nf6 2. Nf3 g6 3. Bf4 Bg7 4. e3 d6 5. Be2 O-O 6. h3 c5 7. O-O Nc6 8. c3 Qb6 9. b3 e5 10. dxe5 dxe5 11. Nxe5 Ne4 12. Nxc6 Qxc6 13. Bf3 f5 14.
Qc2 Qe6 15. Bxe4 Qxe4 16. Qxe4 fxe4 17. Rc1 Rd8 18. Na3 Rd3 19. Nb5 Bd7 20. Nd6 Bc6 21. Rab1 b5 22. c4 b4 23. Rc2 a6 24. f3 exf3 25.
gxf3 Bxf3 26. Rf1 Bc6 27. e4 Bd4+ 28. Kh2 Rf8 29. Rcc1 Rxf4 30. Rxf4 Be5 31. Rf1 Rxd6 32. Kg1 Bxf4 33. Rxf4 Re6 34. Kf2 Bxe4 35. h4 Bf5 36. Rf3 Kg7 37. Rg3 Kf6 38. Rg1 Re4 39. Rd1 Rxh4 40. Rd6+ Kg5 41. Rxa6 Re4 42. Rc6 Re5 43. Ra6 h5 44. a4 bxa3 45. Rxa3 h4 46. Ra5 Kf4 47. Rb5 h3 48. b4 cxb4 49. Rxb4 Re4 50.
Ra4 Be6 51. Ra6 g5 52. c5 g4 53. c6 g3+ 54. Kf1 Bc4+ 0-1

[Event "*** Titled Tuesday Blitz"]
[Site "Chess.com"]
[Date "2020.12.29"]
[Round "1"]
[White "Marianov_Podstavnikov"]
[Black "louis198"]
[Result "0-1"]
[WhiteElo "2254"]
[BlackElo "2557"]
[TimeControl "180+1"]
[EndTime "10:06:43 PST"]
[Termination "louis198 won on time"]

1. e4 e6 2. d4 d5 3. Nd2 Nc6 4.
Ngf3 Nf6 5. e5 Nd7 6. Nb3 f6 7. Bb5 Be7 8. Bf4 O-O 9. Bxc6 bxc6 10. Bg3 f5 11. Qd2 c5 12. h4 cxd4 13. Nbxd4 Nc5 14. Nc6 Qe8 15. Nxe7+ Qxe7 16. h5 Ne4 17. Qe3 Qb4+ 18. Kf1 Qxb2 19. Re1 Qxc2 20. Nd4 Qc4+ 21. Kg1 f4 22. Bxf4 Rxf4 23. Qxf4 Qxd4 24. h6 g5 25. Qf3 Bd7 26. Rxe4 Qxe4 27. Qf6 Qg6 28. Qe7 Qf7 29. Qxg5+ Kh8 30. Rh4 Rg8 31. Qe3 Qg6 32. Qf3 Qf5 33. Qe3 Qg5 34. Qh3 Qxe5 35. g3 c5 0-1

[Event "*** Titled Tuesday Blitz"]
[Site "Chess.com"]
[Date "2020.12.29"]
[Round "1"]
[White "Grieve72"]
[Black "igorkovalenko"]
[Result "0-1"]
[WhiteElo "2459"]
[BlackElo "2908"]
[TimeControl "180+1"]
[EndTime "10:06:44 PST"]
[Termination "igorkovalenko won by resignation"]

1. e4 c5 2. Nf3 e6 3. d4 cxd4 4. Nxd4 Nf6 5. Nc3 Nc6 6. Nxc6 bxc6 7. e5 Nd5 8. Ne4 Bb7 9. c4 Nb4 10. Be3 Qa5 11. Nc3 Qxe5 12. Be2 c5 13. O-O Be7 14. Bf3 Bxf3 15. Qxf3 O-O 16. Rad1 Rad8 17.
Bf4 Qf5 18. Bc7 Qxf3 19. gxf3 Rc8 20. Rxd7 Rfe8 21. Nb5 Nc6 22. Rfd1 a6 23. Nd6 Bxd6 24. Bxd6 h6 25. Kg2 Red8 26. Bf4 Rxd7 27. Rxd7 g5 28. Be3 Ne5 29. Ra7 Nxc4 30. b3 Nxe3+ 31. fxe3 Rc6 32. Kf2 Kg7 33. Ke2 c4 34. bxc4 Rxc4 35. Rxa6 Rc2+ 36.
Kd3 Rxh2 37. a4 h5 38. Rb6 Ra2 39. Rb4 f5 40. Kc4 h4 41. Kb5 h3 42. a5 h2 43. Rb1 g4 44. fxg4 fxg4 45. a6 g3 46.
Kb6 g2 47. a7 g1=Q 0-1

[Event "*** Titled Tuesday Blitz"]
[Site "Chess.com"]
[Date "2020.12.29"]
[Round "1"]
[White "imdvb6307"]
[Black "Mischuk_D"]
[Result "0-1"]
[WhiteElo "2348"]
[BlackElo "2663"]
[TimeControl "180+1"]
[EndTime "10:06:44 PST"]
[Termination "Mischuk_D won on time"]

1. e4 e5 2. Nf3 Nc6 3. Bb5 Nf6 4. O-O Nxe4 5. Re1 Nd6 6. Nxe5 Be7 7. Bf1 Nxe5 8.
Rxe5 O-O 9. d4 Bf6 10. Re1 Re8 11. Rxe8+ Nxe8 12. Nc3 d5 13. Ne2 c6 14. c3 Nd6 15.
Ng3 g6 16. Bf4 Nc4 17. Bxc4 dxc4 18. Ne4 Be7 19. Qd2 Bf5 20. Re1 f6 21. Ng3 Bd7 22. Qe2 Bf8 23. Qxc4+ Kg7 24. Ne4 Be8 25. Nc5 Bf7 26.
Ne6+ Bxe6 27. Qxe6 Qb6 28. b4 Rd8 29. h4 h5 30. g4 hxg4 31. Qxg4 Qb5 32. Re3 Qh5 33. Qxh5 gxh5 34. Kf1 Kg6 35. Ke2 Kf5 36. Kf3 Ra8 37.
Rd3 Ke6 38. Bd2 b5 39. Bf4 a5 40.
d5+ cxd5 41. a3 a4 42. Be3 Rc8 43. Bd4 Bd6 44. Re3+ Kf5 45. Re1 Rg8 46. Rh1 Rg4 47.
Ke2 Be5 0-1

[Event "*** Titled Tuesday Blitz"]
[Site "Chess.com"]
[Date "2020.12.29"]
[Round "1"]
[White "Alomaterapia"]
[Black "DanielNaroditsky"]
[Result "0-1"]
[WhiteElo "2476"]
[BlackElo "3121"]
[TimeControl "180+1"]
[EndTime "10:06:46 PST"]
[Termination "DanielNaroditsky won on time"]

1. e4 e5 2. Nf3 Nc6 3. Bc4 Bc5 4. b4 Bxb4 5. c3 Be7 6. d4 Na5 7. Bd3 d6 8. dxe5 dxe5 9. Nxe5 Nf6 10. O-O O-O 11.
Qc2 c6 12. f4 Qc7 13. Be3 b5 14. Nd2 Rd8 15. Nb3 Nb7 16. a4 Nd6 17. Nc5 a5 18. Kh1 h6 19. Bd4 Rb8 20. Nf3 Nc4 21. Bxc4 bxc4 22.
Be5 Bd6 23. Bxd6 Qxd6 24. Rad1 Qe7 25. Rxd8+ Qxd8 26. Qe2 Ng4 27. h3 Qe7 28. hxg4 Qxc5 29. f5 Rb3 30. e5 Rxc3 31. Rd1 Kh7 32. Qe4 Re3 33. Qf4 c3 34. Rc1 c2 35. Rxc2 Rxf3 0-1

[Event "*** Titled Tuesday Blitz"]
[Site "Chess.com"]
[Date "2020.12.29"]
[Round "1"]
[White "Witik"]
[Black "Training_Day"]
[Result "1-0"]
[WhiteElo "2711"]
[BlackElo "2376"]
[TimeControl "180+1"]
[EndTime "10:06:47 PST"]
[Termination "Witik won by resignation"]

1. d4 Nf6 2. c4 e6 3. Nf3 Bb4+ 4.
Nbd2 O-O 5. e3 d5 6. a3 Be7 7.
b4 a5 8. b5 c5 9. Bb2 Nbd7 10.
Qc2 cxd4 11. Bxd4 dxc4 12. Bxc4 a4 13. O-O Nc5 14. Ne5 Bd7 15. Rfd1 Rc8 16. Qa2 Qa5 17.
Ndf3 Rfd8 18. Bxc5 Bxc5 19. Nxd7 Nxd7 20. Bxe6 Qxb5 21.
Ng5 Ne5 22. Bxc8 Rxc8 23. Qd5 h6 24. Ne4 Nc4 25. Rab1 Qc6 26. Qxc4 1-0

[Event "*** Titled Tuesday Blitz"]
[Site "Chess.com"]
[Date "2020.12.29"]
[Round "1"]
[White "Onischuk_V"]
[Black "JoliyRoger"]
[Result "1-0"]
[WhiteElo "2794"]
[BlackElo "2418"]
[TimeControl "180+1"]
[EndTime "10:06:48 PST"]
[Termination "Onischuk_V won on time"]

1. e4 c6 2. d4 d5 3. Nc3 h6 4.
e5 Bf5 5. g4 Bd7 6. f4 e6 7.
Nf3 h5 8. g5 g6 9. f5 exf5 10.
Ne2 Na6 11. Nf4 Nc7 12. c4 dxc4 13. Bxc4 Be6 14. Bxe6 Nxe6 15. Qb3 Nxf4 16. Bxf4 Qb6 17. Qc2 Ne7 18. e6 fxe6 19. Be5 Rg8 20. O-O-O Nd5 21. Rhe1 O-O-O 22. Kb1 Bd6 23. Bf6 Rde8 24. Re2 a6 25. Rde1 Kd7 26. Be5 Be7 27. Bg3 Bd8 28. Ne5+ Kc8 29.
Nc4 Qb4 30. a3 Qf8 31. Nd6+ Kd7 32. Nxb7 Bb6 33. Rc1 Rc8 34. Qa4 f4 35. Bf2 Qf5+ 36. Ka1 f3 37. Rec2 Rc7 38. Rxc6 Rxb7 39. Rxb6+ 1-0

[Event "*** Titled Tuesday Blitz"]
[Site "Chess.com"]
[Date "2020.12.29"]
[Round "1"]
[White "hansen"]
[Black "SergeyShtyka"]
[Result "1-0"]
[WhiteElo "2896"]
[BlackElo "2454"]
[TimeControl "180+1"]
[EndTime "10:06:49 PST"]
[Termination "hansen won by resignation"]

1. e4 c5 2. Nf3 Nc6 3. Bb5 g6 4. O-O Bg7 5. Bxc6 dxc6 6. h3 e5 7. a3 Ne7 8. b4 cxb4 9. axb4 O-O 10. d3 Qc7 11. Bb2 h6 12. Nbd2 Be6 13. Qe2 a5 14.
bxa5 Rxa5 15. Rxa5 Qxa5 16. Ra1 Qc7 17. d4 exd4 18. Bxd4 Bxd4 19. Nxd4 Qd6 20. Qe3 Kh7 21. Ra7 Rb8 22. N2f3 Bc4 23. Qc3 Ba6 24. Qb3 Kg7 25.
e5 Qc7 26. e6 f6 27. Qa3 Nc8 28. Qxa6 Nxa7 29. Qxa7 c5 30. Nb5 Qf4 31. g3 Qxf3 32. Qxb8 Qd1+ 33. Kh2 Qxc2 34. Qxb7+ Kh8 35. Qc8+ Kh7 36.
Qd7+ Kh8 37. Qe8+ Kh7 38. Qf7+ Kh8 39. Qxf6+ Kh7 40. Qf7+ Kh8 41. e7 1-0

[Event "*** Titled Tuesday Blitz"]
[Site "Chess.com"]
[Date "2020.12.29"]
[Round "1"]
[White "Olga_Ustinova"]
[Black "mbachez"]
[Result "0-1"]
[WhiteElo "2218"]
[BlackElo "2542"]
[TimeControl "180+1"]
[EndTime "10:06:51 PST"]
[Termination "mbachez won by checkmate"]

1. d4 Nf6 2. c4 Nc6 3. Nc3 e5 4. d5 Ne7 5. e3 g6 6. Bd3 Bg7 7. Nge2 d6 8. Qd2 a5 9. b3 Nd7 10. Bb2 Nc5 11. O-O O-O 12. f3 f5 13. Ng3 Bh6 14.
Qe2 Qe8 15. Nd1 g5 16. Nf2 Bg7 17. Bc2 h5 18. a3 h4 19. Ngh1 Qh5 20. b4 Nd7 21. Rae1 axb4 22. axb4 Ra2 23. Bb3 Ra8 24. Nd1 Nf6 25. f4 g4 26. fxe5 Ne4 27. Ndf2 Nxf2 28. Nxf2 dxe5 29. Bc3 Ng6 30. Nd3 Re8 31. Qc2 Bd7 32.
Nc5 Bc8 33. Qb2 b6 34. Nd3 Bd7 35. e4 f4 36. Bd1 Qg5 37. c5 Bb5 38. Qd2 Ra3 39.
Rf2 g3 40. hxg3 hxg3 41. Rf3 Nh4 42. Kf1 Qh6 43. Qb2 Nxf3 44. Qxa3 Bxd3+ 45. Be2 Qh1# 0-1

[Event "*** Titled Tuesday Blitz"]
[Site "Chess.com"]
[Date "2020.12.29"]
[Round "1"]
[White "nubair1198"]
[Black "1random"]
[Result "0-1"]
[WhiteElo "2745"]
[BlackElo "2420"]
[TimeControl "180+1"]
[EndTime "10:06:52 PST"]
[Termination "1random won by resignation"]

1. c4 e6 2. Nc3 d5 3. d4 a6 4.
cxd5 exd5 5. Nf3 Nf6 6. Bg5 Be6 7. e3 Nbd7 8. Bd3 c6 9. O-O h6 10. Bh4 g5 11. Bg3 Nh5 12. Be5 Rg8 13. Bh7 g4 14. Bxg8 gxf3 15. Qxf3 Nhf6 16. Qg3 Nh5 17. Qf3 Nhf6 18. Bxf7+ Bxf7 19. e4 Nxe5 20. dxe5 Nxe4 21. Nxe4 dxe4 22. Qxe4 Qd5 23. Qf4 O-O-O 24. Rfe1 Be6 25.
h3 Bc5 26. Rac1 Rg8 27. g4 Be7 28. Qg3 h5 29. f3 hxg4 30. hxg4 Bc5+ 31. Kh2 Rh8+ 32.
Kg2 Qd2+ 33. Kf1 Rh1+ 0-1

[Event "*** Titled Tuesday Blitz"]
[Site "Chess.com"]
[Date "2020.12.29"]
[Round "1"]
[White "Grammnik"]
[Black "lavr92"]
[Result "0-1"]
[WhiteElo "2296"]
[BlackElo "2592"]
[TimeControl "180+1"]
[EndTime "10:06:52 PST"]
[Termination "lavr92 won on time"]

1. d4 d5 2. c4 e6 3. Nf3 a6 4. cxd5 exd5 5. Nc3 c6 6. Bf4 Bd6 7. Qd2 Ne7 8. Bxd6 Qxd6 9. e3 O-O 10. Bd3 Bf5 11. O-O Nd7 12. Rab1 g6 13. h3 Bxd3 14. Qxd3 Nf5 15. e4 dxe4 16. Nxe4 Qd5 17. Nc3 Qa5 18.
d5 c5 19. Rfe1 Rfe8 20. g4 Nd6 21. Qd2 Nf8 22. Qf4 Rad8 23. Rxe8 Nxe8 24. Ne5 f6 25. Nc4 Qc7 26. d6 Qf7 0-1

[Event "*** Titled Tuesday Blitz"]
[Site "Chess.com"]
[Date "2020.12.29"]
[Round "1"]
[White "PawnEatingZombie"]
[Black "Sadykov_Ramil"]
[Result "1-0"]
[WhiteElo "2247"]
[BlackElo "2529"]
[TimeControl "180+1"]
[EndTime "10:06:52 PST"]
[Termination "PawnEatingZombie won by resignation"]

1. d4 Nf6 2. c4 c5 3. d5 e6 4. Nc3 exd5 5. cxd5 d6 6. e4 g6 7. Bd3 Bg7 8. h3 O-O 9. Nf3 b5 10. Nxb5 Nxe4 11. Bxe4 Re8 12. Ng5 h6 13. Ne6 fxe6 14.
O-O Bb7 15. Nc3 Qf6 16. dxe6 Bxe4 17. Nxe4 Qxe6 18. Nxd6 Rd8 19. Bf4 Bxb2 20. Re1 Qf6 21. Ne4 Rxd1 22. Nxf6+ Bxf6 23. Raxd1 Bd4 24. Rxd4 cxd4 25.
Re8+ Kf7 26. Rxb8 Rxb8 27. Bxb8 Ke6 28. Bf4 g5 29. Bd2 Kd5 30. Kf1 Kc4 31. Ke2 a6 32. g3 Kc5 33. f4 1-0

[Event "*** Titled Tuesday Blitz"]
[Site "Chess.com"]
[Date "2020.12.29"]
[Round "1"]
[White "mishanick"]
[Black "Region_07"]
[Result "1-0"]
[WhiteElo "2983"]
[BlackElo "2472"]
[TimeControl "180+1"]
[EndTime "10:06:53 PST"]
[Termination "mishanick won on time"]

1. c4 e5 2. Nc3 Nf6 3. Nf3 Nc6 4.
g3 Bb4 5. Bg2 O-O 6. Nd5 e4 7.
Nh4 Re8 8. O-O Bf8 9. d4 exd3 10. Qxd3 Ne5 11. Qc2 Nxd5 12. cxd5 d6 13. Nf5 Bd7 14. Nd4 Rc8 15. Bf4 g6 16. Rfd1 Bg7 17. Rac1 Qe7 18. h4 c5 19. dxc6 bxc6 20. Qd2 d5 21. b3 c5 22. Nf3 Nxf3+ 23. Bxf3 d4 24. Qa5 Bc6 25. Qxc5 Qxc5 26. Rxc5 Bxf3 27. Rxc8 Rxc8 28. exf3 Rc2 29. Rd2 Rc3 30. Kg2 h5 31. Bb8 a6 32. Ba7 d3 33. f4 Rc2 34. Rxd3 Rxa2 35. Rd8+ Kh7 36. Rd7 Kg8 37. Bc5 Rb2 38. b4 Ra2 39. Ra7 Bc3 40.
b5 a5 41. b6 Rb2 42. b7 Kg7 43. Bd6 Rxf2+ 44. Kh3 Rb2 45. b8=Q 1-0

[Event "*** Titled Tuesday Blitz"]
[Site "Chess.com"]
[Date "2020.12.29"]
[Round "1"]
[White "Elyon2000"]
[Black "gmcorrales"]
[Result "0-1"]
[WhiteElo "2402"]
[BlackElo "2766"]
[TimeControl "180+1"]
[EndTime "10:06:55 PST"]
[Termination "gmcorrales won by checkmate"]

1. d4 d5 2. c4 c6 3. Nf3 Nf6 4. Qc2 dxc4 5. e4 b5 6. b3 cxb3 7. axb3 Bb7 8. Bd2 Nbd7 9. Bd3 e6 10. O-O Be7 11. Rc1 a6 12. Ba5 Qb8 13. b4 e5 14.
Nbd2 exd4 15. Nxd4 Ne5 16. Nf5 Bf8 17. Bb6 g6 18.
Ne3 Bd6 19. Be2 O-O 20. Bd4 Ned7 21. g3 Re8 22. f4 Bxf4 23. gxf4 Qxf4 24. Ng2 Qh6 25.
Be3 Qh3 26. Bf2 c5 27. bxc5 Nxe4 28. c6 Nxf2 29. Kxf2 Rxe2+ 30. Kxe2 Qxg2+ 31. Kd1 Qg1+ 32. Ke2 Re8+ 33. Kd3 Qe3# 0-1

[Event "*** Titled Tuesday Blitz"]
[Site "Chess.com"]
[Date "2020.12.29"]
[Round "1"]
[White "Semen_Khanin"]
[Black "MattyDPerrine"]
[Result "1-0"]
[WhiteElo "2793"]
[BlackElo "2415"]
[TimeControl "180+1"]
[EndTime "10:06:56 PST"]
[Termination "Semen_Khanin won by resignation"]

1. e4 c5 2. Nf3 e6 3. d4 cxd4 4.
Nxd4 Nf6 5. Nc3 Nc6 6. Ndb5 Bc5 7. Bf4 O-O 8. Bc7 Qe7 9. Bd6 Bxd6 10. Qxd6 Qd8 11. Be2 a6 12. Nc7 Ra7 13. e5 Ne8 14. Nxe8 Rxe8 15. f4 b5 16. a3 Qb6 17. Qd2 d5 18. exd6 Rd7 19. O-O-O Red8 20. Bf3 Na5 21. Ne4 Nc4 22. Qd4 Qxd4 23. Rxd4 f5 24. Nc5 Rxd6 25.
Rxd6 Rxd6 26. b3 Nxa3 27. Rd1 Rxd1+ 28. Kxd1 b4 29. Kd2 Nb5 30. Kd3 Nd6 31. Kd4 Kf7 32. Nd3 a5 33. Kc5 Ke7 34. Kb6 Ne4 35. Kxa5 Nd2 36. Kxb4 Nxf3 37. gxf3 Bb7 38. Ne5 Kd6 39. Kc4 h6 40. Kd4 Ke7 41. c4 g5 42. b4 gxf4 43.
b5 Bd5 1-0

[Event "*** Titled Tuesday Blitz"]
[Site "Chess.com"]
[Date "2020.12.29"]
[Round "1"]
[White "AryanTari"]
[Black "djano"]
[Result "1-0"]
[WhiteElo "2887"]
[BlackElo "2451"]
[TimeControl "180+1"]
[EndTime "10:06:57 PST"]
[Termination "AryanTari won by resignation"]

1. b3 b6 2. Bb2 Bb7 3. Nf3 Nf6 4. e3 e6 5. d4 Be7 6. Be2 O-O 7. O-O d6 8. c4 Nbd7 9. Nc3 Ne4 10. Qc2 Ndf6 11.
Bd3 Nxc3 12. Bxc3 a5 13. e4 Nd7 14. Rae1 g6 15. Qc1 Bf6 16. Qf4 Bg7 17. Bc2 Qe7 18. e5 d5 19. h4 h6 20. Qg4 h5 21. Qf4 dxc4 22. bxc4 Qa3 23. Re3 Qxa2 24. Bd3 Qa3 25. Bb1 Qe7 26. Ng5 a4 27. g4 a3 28. Ba1 f6 29.
exf6 Rxf6 30. Qg3 a2 31. Bc2 hxg4 32. Qxg4 Raf8 33. d5 e5 34. Ne6 Rxe6 35. Qxe6+ Qxe6 36. dxe6 Nc5 37. Bxe5 Nxe6 38. Bxg7 Nxg7 39. Ra1 Nf5 40.
Bxf5 Rxf5 41. Rxa2 Rf4 42. Ra7 Rg4+ 43. Rg3 1-0

[Event "*** Titled Tuesday Blitz"]
[Site "Chess.com"]
[Date "2020.12.29"]
[Round "1"]
[White "chescomhuynya"]
[Black "Godzillator"]
[Result "1/2-1/2"]
[WhiteElo "2600"]
[BlackElo "2319"]
[TimeControl "180+1"]
[EndTime "10:06:57 PST"]
[Termination "Game drawn - insufficient material"]

1. d4 d5 2. c4 c6 3. g3 Nf6 4. Nf3 dxc4 5. Bg2 b5 6. Ne5 Bb7 7. Nc3 a6 8. b3 cxb3 9. axb3 e6 10. O-O Be7 11. Bb2 O-O 12. e3 Qc8 13. Qc2 c5 14.
dxc5 Bxg2 15. Kxg2 Qxc5 16. Nd3 Qc6+ 17. Kg1 Rc8 18.
Rfc1 Nbd7 19. Qe2 Qb7 20. Rc2 b4 21. Na4 Rxc2 22. Qxc2 Rc8 23. Qd1 a5 24. Rc1 Rxc1 25. Qxc1 h6 26. Qc4 Nd5 27. Ndc5 Nxc5 28. Nxc5 Qc6 29. Qg4 Bf6 30. Bxf6 Nxf6 31. Qd4 Qd5 32. Kf1 a4 33. Qxb4 axb3 34. Nxb3 Qh1+ 35. Ke2 Qxh2 36. Nd2 Qh5+ 37. Nf3 Qg4 38. Qb8+ Kh7 39. Qf8 Ne4 40.
Qxf7 Ng5 41. Qf4 Qxf3+ 42. Qxf3 Nxf3 43. Kxf3 Kg6 44. Ke4 Kf6 45. Kf4 h5 46. Ke4 g5 47.
f4 h4 48. fxg5+ Kxg5 49. gxh4+ Kxh4 50. Kf4 Kh5 51. Ke5 Kg4 52. Ke4 Kg3 53. Kd4 Kf3 54. Ke5 Kxe3 55. Kxe6 1/2-1/2

[Event "*** Titled Tuesday Blitz"]
[Site "Chess.com"]
[Date "2020.12.29"]
[Round "1"]
[White "FMalexhdez"]
[Black "UCantHandleDenker"]
[Result "0-1"]
[WhiteElo "2279"]
[BlackElo "2580"]
[TimeControl "180+1"]
[EndTime "10:06:57 PST"]
[Termination "UCantHandleDenker won on time"]

1. e4 d6 2. d4 Nf6 3. Nc3 g6 4. f4 Bg7 5. Nf3 c5 6. dxc5 Qa5 7. Bd3 Qxc5 8. Qe2 Nc6 9. Be3 Qa5 10. h3 Nh5 11.
Kf2 O-O 12. g4 Nf6 13. Rag1 Rd8 14. f5 d5 15. e5 d4 16. Bf4 dxc3 17. exf6 exf6 18. Re1 Bd7 19. bxc3 Qxc3 20. Kg2 Nd4 21. Qe3 Nxf3 22. Kxf3 Bc6+ 23. Be4 Qxc2 24. Bxc6 Qxc6+ 25.
Kg3 Qc4 26. Rc1 Qxa2 27. fxg6 hxg6 28. h4 Qa6 29. Rc3 Re8 30. Qf3 Qe6 31. h5 f5 32.
Be3 fxg4 0-1

[Event "*** Titled Tuesday Blitz"]
[Site "Chess.com"]
[Date "2020.12.29"]
[Round "1"]
[White "Arjun2002"]
[Black "comsac"]
[Result "1-0"]
[WhiteElo "2756"]
[BlackElo "2403"]
[TimeControl "180+1"]
[EndTime "10:06:58 PST"]
[Termination "Arjun2002 won by resignation"]

1. e4 e5 2. Nf3 Nc6 3. Bc4 Bc5 4.
O-O Nf6 5. d3 d6 6. c3 a6 7. a4 Ba7 8. Re1 h6 9. Nbd2 O-O 10. h3 Ne7 11. d4 Ng6 12. Bb3 c5 13.
dxe5 Nxe5 14. Nxe5 dxe5 15. a5 Qe7 16. Qe2 Be6 17.
Bc4 Rad8 18. Nf1 Qd6 19. Ng3 Qc6 20. b3 Rd7 21. Qf3 Bxc4 22. bxc4 Rfd8 23. Nf5 Rd3 24. Be3 Qxe4 25. Nxh6+ Kh7 26. Nxf7 Qxf3 27. Ng5+ Kg6 28. Nxf3 e4 29. Ne5+ Kf5 30. Nxd3 exd3 31. Bd2 Ne4 32.
Ra2 Nd6 33. g4+ Kf6 34. h4 Nxc4 35. Bg5+ 1-0

[Event "*** Titled Tuesday Blitz"]
[Site "Chess.com"]
[Date "2020.12.29"]
[Round "1"]
[White "MVM2008"]
[Black "jocmil"]
[Result "0-1"]
[WhiteElo "2198"]
[BlackElo "2532"]
[TimeControl "180+1"]
[EndTime "10:06:58 PST"]
[Termination "jocmil won on time"]

1. e4 e6 2. d4 d5 3. Nd2 Nf6 4. e5 Nfd7 5. Bd3 c5 6. c3 Nc6 7.
Ngf3 g6 8. O-O Bg7 9. b3 O-O 10. Re1 f6 11. exf6 Qxf6 12. Bb2 e5 13. c4 exd4 14.
cxd5 Nce5 15. Bc4 a6 16. a4 b6 17. Kh1 Bb7 18. Ne4 Qf4 19. Bc1 Qg4 20. h3 Qh5 21.
Ng3 Nxf3 22. Nxh5 Nxe1 23. d6+ Kh8 24. Nxg7 Nxg2 25. Kg1 Kxg7 26. Qg4 Nf6 27. Qg5 Rae8 28. Qh6+ Kh8 29. Bg5 Ng8 0-1

[Event "*** Titled Tuesday Blitz"]
[Site "Chess.com"]
[Date "2020.12.29"]
[Round "1"]
[White "JoachimMouhamad"]
[Black "dozer80"]
[Result "1-0"]
[WhiteElo "2347"]
[BlackElo "2620"]
[TimeControl "180+1"]
[EndTime "10:06:59 PST"]
[Termination "JoachimMouhamad won by checkmate"]

1. e4 c5 2. Nf3 e6 3. d4 cxd4 4. Nxd4 a6 5. Bd3 Bc5 6. Nb3 Ba7 7. Qg4 Nf6 8. Qg3 Nc6 9. Nc3 h5 10. h3 h4 11. Qf4 d6 12. Be3 e5 13. Qf3 Bxe3 14.
Qxe3 Be6 15. O-O-O Rc8 16. Kb1 Qc7 17. Rhe1 Nh5 18.
Bf1 Nf4 19. Rd2 b5 20. Nd5 Bxd5 21. exd5 Ne7 22. g3 hxg3 23. fxg3 Nfxd5 24. Qg5 O-O 25. h4 a5 26. h5 a4 27. h6 g6 28. Nc1 a3 29.
Bd3 axb2 30. Ne2 Kh7 31. Rf1 f5 32. g4 e4 33. Bxb5 Qa5 34. a4 e3 35. Rxd5 Nxd5 36. gxf5 Qd2 37. Qxg6+ Kh8 38. Qg7# 1-0

[Event "*** Titled Tuesday Blitz"]
[Site "Chess.com"]
[Date "2020.12.29"]
[Round "1"]
[White "Stouuf"]
[Black "Khusenkhojaev"]
[Result "0-1"]
[WhiteElo "2616"]
[BlackElo "2385"]
[TimeControl "180+1"]
[EndTime "10:06:59 PST"]
[Termination "Khusenkhojaev won by resignation"]

1. e4 e5 2. Nf3 Nc6 3. Bb5 a6 4. Ba4 Nf6 5. Qe2 b5 6. Bb3 Bc5 7. c3 O-O 8. O-O Re8 9. d3 d5 10.
a3 h6 11. h3 Be6 12. Nbd2 Qd7 13. Kh2 Rad8 14. Bc2 d4 15. Rd1 Qe7 16. cxd4 Nxd4 17. Nxd4 Bxd4 18. Nf3 Bc8 19. Nxd4 Rxd4 20. Be3 Rd7 21.
b4 Red8 22. Rac1 Nh7 23. Bb3 Bb7 24. Rc3 Ng5 25. Rdc1 c6 26. Ba2 Ne6 27. Qh5 Qf6 28. Bb1 Nf4 29. Qd1 c5 30. bxc5 Bxe4 31. Bxf4 Qxf4+ 32. Kg1 Bc6 33. Qg4 Qf6 34. Qg3 Rd4 35. Re1 Rf4 36. Rcc1 Rf5 37. h4 Rf4 38. Re3 Rdd4 39. Rce1 Rg4 40. Qxe5 Rxg2+ 0-1

[Event "*** Titled Tuesday Blitz"]
[Site "Chess.com"]
[Date "2020.12.29"]
[Round "1"]
[White "Neftegor"]
[Black "Tsyhanchuk_Stanislav"]
[Result "1-0"]
[WhiteElo "2569"]
[BlackElo "2274"]
[TimeControl "180+1"]
[EndTime "10:07:00 PST"]
[Termination "Neftegor won on time"]

1. d4 Nf6 2. c4 e6 3. Nc3 Bb4 4. e3 c5 5. Bd3 cxd4 6. exd4 O-O 7. Ne2 d5 8. cxd5 Nxd5 9. O-O Nc6 10. a3 Be7 11. Bc2 b6 12. Qd3 g6 13. Bh6 Re8 14.
Ne4 Bf8 15. Bg5 Be7 16. h4 f5 17. N4c3 Bxg5 18. hxg5 Qxg5 19. Nxd5 exd5 20. Bb3 Be6 21. g3 Na5 22. Nf4 Nxb3 23. Qxb3 Rad8 24. Rae1 Bf7 25. Qa4 h5 26. Qxa7 h4 27. Kg2 hxg3 28. fxg3 Rc8 29. Rxe8+ Bxe8 30. Rf2 Qg4 31. Qb7 Rc1 32.
Qxd5+ Bf7 33. Qd8+ Kg7 34. Qe7 Qd1 35. Ne6+ Kh6 36.
Qh4+ 1-0